 Dungeon Crawl Stone Soup version 0.28.0-45-g0d030f2227 (webtiles) character file.

Game seed: 9286944400150856134

42215 protoss039 the Fighter (level 13, -2/118 HPs)
             Began as a Demonspawn Earth Elementalist on May 22, 2022.
             Was a High Priest of Vehumet.
             Slain by an entropy weaver simulacrum (18 damage)
             ... in an ice cave.
             The game lasted 00:48:57 (21431 turns).

protoss039 the Fighter (DsEE)                      Turns: 21431, Time: 00:48:58

Health: -2/118     AC: 23    Str:  9    XL:     13   Next: 84%
Magic:  21/26      EV: 15    Int: 27    God:    Vehumet [*****.]
Gold:   807        SH: 12    Dex: 18    Spells: 9/31 levels left

rFire   . . .      SeeInvis .   w - +3 war axe (flame)
rCold   + . .      Faith    .   R - +1 kite shield {rC+}
rNeg    . . .      Spirit   .   r - +0 acid dragon scales
rPois   +          Reflect  .   s - +2 helmet {Int+3}
rElec   .          Harm     .   Q - +1 cloak {Will+}
rCorr   +          Rampage  .   l - +0 pair of gloves
Will    ++...                   p - +0 pair of boots
Stlth   ++........              P - amulet of regeneration
HPRegen 1.09/turn               C - +4 ring of protection
MPRegen 0.20/turn               D - ring of Fotsam {rPois Will+ Int+3 Dex+4}

@: agile, very slightly contaminated
A: hooves 2, rugged brown scales 3, powered by pain 2
a: Renounce Religion


You were in an ice cave.
You worshipped Vehumet.
Vehumet was extremely pleased with you.
You visited 3 branches of the dungeon, and saw 18 of its levels.
You also visited: Ice Cave.

You collected 1938 gold pieces.
You spent 1131 gold pieces at shops.

Inventory:

Hand Weapons
 a - the +11 rapier of Kurieg {venom, +Blink}
   (You found it on level 3 of the Dungeon)

   It poisons the flesh of those it strikes.
   +Blink:    It lets you blink.
 w - a +3 war axe of flaming (weapon)
Missiles
 c - 450 stones
 E - a throwing net
Armour
 l - a +0 pair of gloves (worn)
 p - a +0 pair of boots (worn)
 r - +0 acid dragon scales (worn)
 s - a +2 helmet of intelligence (worn)
 N - a +0 buckler of reflection
 Q - a +1 cloak of willpower (worn)
 R - a +1 kite shield of cold resistance (worn)
Jewellery
 v - a ring of flight
 y - a ring of fire
 C - a +4 ring of protection (left hand)
 D - the ring of Fotsam (right hand) {rPois Will+ Int+3 Dex+4}
   (You bought it in a shop on level 3 of the Dungeon)

   [ring of poison resistance]

   Int:       It affects your intelligence (+3).
   Dex:       It affects your dexterity (+4).
   rPois:     It protects you from poison.
   Will:      It increases your willpower.
 L - a ring of wizardry
 P - an amulet of regeneration (around neck)
 U - a ring of willpower
Wands
 b - a wand of iceblast (14)
 u - a wand of paralysis (7)
 H - a wand of flame (15)
 J - a wand of polymorph (11)
 T - a wand of mindburst (5)
 X - a wand of digging (2)
Scrolls
 d - 2 scrolls of torment
 e - a scroll of identify
 f - 2 scrolls of immolation
 k - 2 scrolls of enchant armour
 m - 4 scrolls of teleportation
 q - 2 scrolls of fear
 t - a scroll of magic mapping
 A - a scroll of amnesia
 G - a scroll of silence
 M - 2 scrolls of fog
 O - a scroll of enchant weapon
 V - a scroll of holy word {unknown}
 Y - a scroll of blinking
Potions
 g - 2 potions of degeneration {unknown}
 h - 3 potions of might {unknown}
 i - 4 potions of curing
 j - 3 potions of brilliance
 n - a potion of magic {unknown}
 o - 2 potions of attraction {unknown}
 x - a potion of ambrosia {unknown}
 z - 2 potions of heal wounds {unknown}
 B - 3 potions of flight
 F - 2 potions of berserk rage {unknown}
 I - 2 potions of haste
 K - 2 potions of invisibility
 S - 7 potions of lignification
 W - a potion of mutation {unknown}


   Skills:
 * Level 13.6 Fighting
 + Level 7.8 Armour
 - Level 1.7 Dodging
 - Level 1.7 Stealth
 * Level 7.0 Shields
 + Level 9.6 Spellcasting
 + Level 9.9 Conjurations
 - Level 1.0 Transmutations
 - Level 9.0 Earth Magic


You had 9 spell levels left.
You knew the following spells:

 Your Spells              Type           Power      Damage    Failure   Level
a - Sandblast             Erth           100%       2d20      1%          1
b - Passwall              Tmut/Erth      33%        N/A       3%          2
c - Stone Arrow           Conj/Erth      100%       3d13      1%          3
e - Static Discharge      Conj/Air       39%        N/A       1%          2
f - Flame Wave            Conj/Fire      39%        2d9       7%          4
h - Freezing Cloud        Conj/Ice/Air   15%        6-21      32%         5
i - Iskenderun's Battles  Conj           61%        2d11      2%          5

Your spell library contained the following spells:

 Spells                   Type           Power      Damage    Failure   Level
 Sticky Flame             Conj/Fire      39%        2d6       7%          4
 Frozen Ramparts          Ice            26%        1d4       16%         3
 Petrify                  Tmut/Erth      40%        N/A       24%         4
 Airstrike                Air            6%         N/A       41%         4
 Gell's Gravitas          Tloc           13%        N/A       50%         3
 Lesser Beckoning         Tloc           13%        N/A       50%         3
 Teleport Other           Tloc           13%        N/A       50%         3
 Conjure Ball Lightning   Conj/Air       19%        3x3d6     63%         6
 Ice Form                 Ice/Tmut       15%        N/A       83%         4
 Dispel Undead            Necr           13%        3d9       88%         4
 Summon Ice Beast         Ice/Summ       13%        N/A       88%         4
 Alistair's Intoxication  Tmut/Pois      10%        N/A       99%         5
 Simulacrum               Ice/Necr       6%         N/A       100%        6
 Discord                  Hex            6%         N/A       100%        8
 Disjunction              Tloc           6%         N/A       100%        8
 Chain Lightning          Conj/Air       19%        3d26      100%        9
 Polar Vortex             Ice            6%         N/A       100%        9


Dungeon Overview and Level Annotations

Branches:
Dungeon (15/15)            Temple (1/1) D:4            Lair (2/6) D:9
    Orc (0/2) D:12         Vaults (0/5) D:13          IceCv (1/1)
  Swamp: Lair:2-4    Shoals: Lair:2-4     Snake: Lair:2-4    Spider: Lair:2-4
 Depths: D:15

Altars:
Ashenzari
Cheibriados
Dithmenos
Elyvilon
Fedhas
Gozag
Hepliaklqana
Kikubaaqudgha
Makhleb
Nemelex Xobeh
Okawaru
Qazlal
Ru
Sif Muna
Trog
Uskayaw
Vehumet
Wu Jian
Xom
Yredelemnul
Zin
The Shining One
Beogh

Shops:
D:3 =   D:6 *[=(   D:10 [   D:13 :

Annotations:
D:15 Louise
Lair:1 1 runed translucent door, Glaciallarry's ghost, journeyman MfGl


Innate Abilities, Weirdness & Mutations

You have hoof-like feet.
You are completely covered in rugged brown scales. (AC +3, +7% HP)
You sometimes gain power by taking damage.


Message History

You block the entropy weaver simulacrum's attack.
The entropy weaver simulacrum hits you.
The entropy weaver simulacrum freezes you.
You resist.
You block the entropy weaver simulacrum's attack.
The entropy weaver simulacrum hits you!
* * * LOW HITPOINT WARNING * * *
The entropy weaver simulacrum freezes you!
You resist.
* * * LOW HITPOINT WARNING * * *
Unknown command.
Press: ? - help, v - describe, . - travel
Here: an entropy weaver simulacrum (heavily damaged)
The floor.
You feel better.
The entropy weaver simulacrum closely misses you.
The entropy weaver simulacrum hits you.
* * * LOW HITPOINT WARNING * * *
The entropy weaver simulacrum freezes you!
You resist.
* * * LOW HITPOINT WARNING * * *
The entropy weaver simulacrum hits you but does no damage. x2
Unknown command.
Unknown command.
Unknown command.
You feel better. The entropy weaver simulacrum hits you.
* * * LOW HITPOINT WARNING * * *
The entropy weaver simulacrum freezes you!
You resist.
* * * LOW HITPOINT WARNING * * *
You block the entropy weaver simulacrum's attack.
The entropy weaver simulacrum hits you but does no damage.
The entropy weaver simulacrum barely misses you.
Unknown command.
Unknown command.
You feel better. The entropy weaver simulacrum hits you.
* * * LOW HITPOINT WARNING * * *
The entropy weaver simulacrum freezes you!!
You resist.
You die...

##### ##.∩.##
#..∩..# ##...##
##@## ##Z##
#...#
#...Z.....#
#.....#####....
...### ##... .#
##


You could see a glowing shapeshifter simulacrum and an entropy weaver
simulacrum.

Vanquished Creatures
  Gastronok (Lair:1)
  Kirke (D:14)
  5 hydras
  Harold (D:7)
  3 boulder beetles
  An ogre mage (D:15)
  8 vault guards (D:12)
  2 centaur warriors
  Erica (Lair:1)
  7 two-headed ogres
  2 tengu warriors
  A fire crab (shapeshifter) (D:14)
  A swamp dragon (shapeshifter) (D:14)
  A deep elf pyromancer (D:13)
  Pikel (D:7)
  An orc knight (D:14)
  3 cyclopes
  2 manticores
  An ugly thing (D:12)
  An unseen horror (D:12)
  2 freezing wraiths
  2 cane toads (Lair:1)
  Psyche (D:8)
  Maggie (Lair:1)
  3 komodo dragons (Lair:1)
  3 trolls
  3 meliai (D:14)
  A polar bear (Lair:1)
  A hornet (D:14)
  A hornet (shapeshifter) (D:14)
  Grinder (D:3)
  9 slime creatures
  A meliai zombie (D:11)
  A blink frog (shapeshifter) (D:14)
  A slime creature (shapeshifter) (D:14)
  Sigmund (D:2)
  2 hogs (D:14)
  2 wyverns (Lair:1)
  4 wraiths
  10 yaks
  A basilisk (Lair:1)
  A redback (shapeshifter) (D:13)
  2 vampire mosquitoes (D:14)
  A steam dragon (D:9)
  2 wargs (D:12)
  Menkaure (D:5)
  2 acid dragons
  7 water moccasins
  Duvessa (D:5)
  2 sky beasts
  An ice beast (D:7)
  A hornet zombie (D:9)
  10 orc warriors
  2 necrophages
  4 ogres
  9 wolves (Lair:1)
  8 centaurs
  4 kobold brigands
  A lemure (D:7)
  A wyvern zombie (D:6)
  7 bullfrogs
  3 scorpions
  2 water moccasin skeletons (D:6)
  Dowan (D:5)
  6 wights (D:8)
  6 howler monkeys
  An electric eel (D:6)
  2 centaur zombies (D:6)
  3 hounds
  2 jellies
  8 orc priests
  A bullfrog skeleton (D:7)
  A gnoll shaman (D:5)
  8 orc wizards
  3 iguanas
  Ijyb (D:3)
  A howler monkey zombie (D:10)
  7 adders
  9 gnolls (D:5)
  2 shadow imps
  12 white imps (Lair:2)
  An ufetubus (D:6)
  5 dart slugs
  55 orcs
  8 ball pythons
  4 endoplasms
  5 giant cockroaches
  2 hobgoblins
  23 kobolds
  3 quokkas
  6 bats
  2 frilled lizards
  7 goblins
  A rat (D:1)
363 creatures vanquished.

Vanquished Creatures (others)
  3 fungi
  8 plants
11 creatures vanquished.

Grand Total: 374 creatures vanquished

Notes
Turn   | Place    | Note
-------+----------+-------------------------------------------
     0 | D:1      | protoss039 the Demonspawn Earth Elementalist began the
                  | quest for the Orb.
     0 | D:1      | Reached XP level 1. HP: 13/13 MP: 3/3
    27 | D:1      | Reached skill level 1 in Transmutations
   226 | D:1      | Gained mutation: You are partially covered in rugged brown
                  | scales. (AC +1, +3% HP) [demonic ancestry]
   226 | D:1      | Reached XP level 2. HP: 3/20 MP: 1/5
   559 | D:1      | Reached skill level 1 in Fighting
   813 | D:1      | Found a faded altar of an unknown god.
  1168 | D:1      | Learned a level 2 spell: Passwall
  1214 | D:2      | Gained mutation: You sometimes gain a little power by
                  | taking damage. [demonic ancestry]
  1214 | D:2      | Reached XP level 3. HP: 26/26 MP: 2/6
  1218 | D:2      | Learned a level 3 spell: Stone Arrow
  1422 | D:2      | Reached skill level 1 in Armour
  1676 | D:2      | Reached skill level 2 in Fighting
  2086 | D:2      | Noticed Sigmund
  2109 | D:2      | Killed Sigmund
  2110 | D:2      | Reached skill level 3 in Fighting
  2110 | D:2      | Reached XP level 4. HP: 20/36 MP: 0/8
  2110 | D:2      | Reached XP level 5. HP: 24/42 MP: 0/9
  2844 | D:3      | Noticed Grinder
  2844 | D:3      | Noticed an ogre
  2853 | D:3      | Paralysed by Grinder for 2 turns
  2981 | D:3      | Identified the +11 rapier of Kurieg {venom, +Blink}
  3013 | D:3      | Noticed Ijyb
  3021 | D:3      | Gained mutation: You sometimes gain power by taking damage.
                  | [demonic ancestry]
  3021 | D:3      | Reached XP level 6. HP: 33/48 MP: 10/10
  3029 | D:3      | Killed Ijyb
  3043 | D:3      | Killed Grinder
  3044 | D:3      | Reached skill level 4 in Fighting
  3262 | D:3      | Found a snail-covered altar of Cheibriados.
  3375 | D:3      | Found Igurghue's Jewellery Shop.
  3496 | D:4      | Gained mutation: You have large cloven feet. [demonic
                  | ancestry]
  3496 | D:4      | Reached XP level 7. HP: 55/55 MP: 11/11
  4356 | D:4      | Found a staircase to the Ecumenical Temple.
  4520 | Temple   | Entered the Ecumenical Temple
  4735 | Temple   | Became a worshipper of Vehumet
  4924 | D:5      | Entered Level 5 of the Dungeon
  4924 | D:5      | Noticed Dowan
  4930 | D:5      | Killed Dowan
  4935 | D:5      | Noticed Duvessa
  5091 | D:5      | Found a bloodstained altar of Trog.
  5100 | D:5      | Reached skill level 5 in Fighting
  5136 | D:5      | Killed Duvessa
  5137 | D:5      | Gained mutation: You have hoof-like feet. [demonic
                  | ancestry]
  5137 | D:5      | Reached XP level 8. HP: 60/63 MP: 12/14
  5370 | D:5      | Noticed Menkaure
  5376 | D:5      | Killed Menkaure
  5813 | D:5      | Reached skill level 5 in Spellcasting
  6372 | D:5      | Reached * piety under Vehumet
  6372 | D:5      | Offered knowledge of Freeze by Vehumet.
  7039 | D:6      | Found Xosahit's Assorted Antiques.
  7042 | D:6      | Found a shimmering blue altar of Sif Muna.
  7050 | D:6      | Reached skill level 5 in Earth Magic
  7077 | D:6      | Reached skill level 6 in Fighting
  7080 | D:6      | Found Exetelateege's Magic Scroll Shoppe.
  7096 | D:6      | Reached XP level 9. HP: 58/71 MP: 17/17
  7574 | D:6      | Offered knowledge of Shock by Vehumet.
  7804 | D:6      | Found Wiybrapn's Jewellery Shop.
  7808 | D:6      | Reached skill level 5 in Conjurations
  7934 | D:6      | Found Hoamycvy's Antique Armour Emporium.
  7965 | D:6      | Found Kyhet's Weapon Shop.
  7971 | D:6      | Reached ** piety under Vehumet
  8174 | D:7      | Reached skill level 7 in Fighting
  8218 | D:7      | Noticed Harold
  8230 | D:7      | Killed Harold
  8503 | D:7      | Noticed Pikel
  8508 | D:7      | Killed Pikel
  8509 | D:7      | Reached skill level 5 in Armour
  8515 | D:7      | Reached XP level 10. HP: 82/82 MP: 8/19
  8918 | D:7      | Reached skill level 8 in Fighting
  9119 | D:7      | Noticed a manticore
  9129 | D:7      | Killed a manticore
  9294 | D:7      | Identified a scroll of acquirement
  9295 | D:7      | Acquired 850 gold pieces
  9397 | D:3      | Bought the ring of Fotsam {rPois Will+ Int+3 Dex+4} for 520
                  | gold pieces
  9475 | D:6      | Bought a scroll of fear for 115 gold pieces
  9475 | D:6      | Bought a potion of curing for 99 gold pieces
  9475 | D:6      | Bought a wand of iceblast (4) for 132 gold pieces
  9475 | D:6      | Bought a brown potion for 29 gold pieces
  9523 | D:8      | Noticed Psyche
  9529 | D:8      | Killed Psyche
 10815 | D:8      | Offered knowledge of Static Discharge by Vehumet.
 11120 | D:9      | Reached skill level 9 in Fighting
 11640 | D:9      | Reached *** piety under Vehumet
 12112 | D:9      | Found a staircase to the Lair.
 12342 | D:9      | Learned a level 2 spell: Static Discharge
 12343 | D:10     | Entered Level 10 of the Dungeon
 12664 | D:10     | Found Sush's Armour Emporium.
 12725 | D:10     | Bought a +2 helmet of intelligence for 236 gold pieces
 12750 | D:10     | Noticed a skeletal warrior
 12796 | D:9      | Gained mutation: You are mostly covered in rugged brown
                  | scales. (AC +2, +5% HP) [demonic ancestry]
 12796 | D:9      | Reached XP level 11. HP: 76/93 MP: 9/21
 12959 | D:10     | Offered knowledge of Airstrike by Vehumet.
 13349 | D:10     | Identified the +4 scale mail of Fazolyl {rN+}
 13360 | D:10     | Noticed a death knight
 13442 | D:11     | Noticed a four-headed hydra
 13856 | D:11     | Reached skill level 10 in Fighting
 14225 | D:11     | Killed a four-headed hydra
 14562 | D:12     | Noticed a boulder beetle
 14589 | D:12     | Killed a boulder beetle
 14859 | D:12     | Found a staircase to the Orcish Mines.
 14859 | D:12     | Noticed a boulder beetle
 15016 | D:12     | Noticed a brown ugly thing
 15027 | D:12     | Killed a brown ugly thing
 15557 | D:12     | Reached **** piety under Vehumet
 15595 | D:12     | Noticed a six-headed hydra
 15600 | D:12     | Killed a six-headed hydra
 15601 | D:12     | Reached skill level 11 in Fighting
 15789 | D:12     | Killed a boulder beetle
 16131 | D:13     | Noticed a tengu warrior
 16155 | D:12     | Killed a tengu warrior
 16362 | D:13     | Noticed a centaur warrior
 16371 | D:13     | Reached skill level 1 in Shields
 16371 | D:13     | Reached XP level 12. HP: 76/105 MP: 24/24
 16442 | D:13     | Found Mesk's Book Shoppe.
 16449 | D:13     | Noticed a vault guard
 16454 | D:13     | Noticed a vault guard
 16455 | D:13     | Found a gate to the Vaults.
 16455 | D:13     | Noticed a vault guard
 16455 | D:13     | Noticed a vault guard
 16455 | D:13     | Noticed a vault guard
 16455 | D:13     | Noticed a vault guard
 16465 | D:12     | Killed a centaur warrior
 16692 | D:12     | Killed a vault guard
 16776 | D:12     | Killed a vault guard
 16796 | D:13     | Noticed a vault guard
 16825 | D:12     | Killed a vault guard
 16825 | D:12     | Offered knowledge of Iskenderun's Battlesphere by Vehumet.
 16832 | D:12     | Learned a level 5 spell: Iskenderun's Battlesphere
 16884 | D:12     | Killed a vault guard
 16986 | D:12     | Killed a vault guard
 17037 | D:12     | Killed a vault guard
 17062 | D:13     | Noticed a vault guard
 17077 | D:12     | Killed a vault guard
 17140 | D:12     | Killed a vault guard
 17141 | D:12     | Reached skill level 12 in Fighting
 17233 | D:13     | Noticed a two-headed ogre
 17238 | D:13     | Killed a two-headed ogre
 17348 | D:13     | Noticed a two-headed ogre
 17353 | D:13     | Killed a two-headed ogre
 17861 | D:14     | Noticed a six-headed hydra
 17869 | D:14     | Killed a three-headed hydra
 17912 | D:14     | Noticed a centaur warrior
 17931 | D:14     | Killed a centaur warrior
 18373 | D:14     | Got the Grimoire of Lightness and Changing
 18444 | D:14     | Gained mutation: You are completely covered in rugged brown
                  | scales. (AC +3, +7% HP) [demonic ancestry]
 18444 | D:14     | Reached XP level 13. HP: 83/116 MP: 16/26
 18611 | D:14     | Noticed Kirke
 18632 | D:14     | Killed Kirke
 18633 | D:14     | Reached skill level 5 in Shields
 18876 | D:15     | Entered Level 15 of the Dungeon
 19284 | D:15     | Noticed Louise
 19298 | D:14     | Reached skill level 13 in Fighting
 19592 | D:15     | Noticed a fire dragon
 19602 | D:15     | Found a broken altar of Ashenzari.
 19790 | D:15     | Reached ***** piety under Vehumet
 20011 | Lair:1   | Entered Level 1 of the Lair of Beasts
 20182 | Lair:1   | Noticed Gastronok
 20259 | Lair:1   | Killed Gastronok
 20292 | Lair:1   | Noticed Maggie
 20297 | Lair:1   | Killed Maggie
 20297 | Lair:1   | Offered knowledge of Flame Wave by Vehumet.
 20665 | Lair:1   | Noticed Erica
 20672 | Lair:1   | Killed Erica
 21108 | Lair:1   | Found a runed translucent door.
 21109 | Lair:1   | Noticed Glaciallarry's ghost (journeyman MfGl)
 21217 | Lair:1   | Learned a level 4 spell: Flame Wave
 21223 | Lair:1   | Learned a level 5 spell: Freezing Cloud
 21374 | Lair:2   | Found a frozen archway.
 21416 | IceCv    | Entered an ice cave
 21431 | IceCv    | Slain by an entropy weaver simulacrum

Illustrated notes

Levels and vault maps discovered:
D:1:      arrival_zaba_pyramid, layout_basic, shapermc_ecumenical_altar_venn
D:2:      layout_loops_cross, minmay_fractal_squares_gapless_5, uniq_sigmund
D:3:      layout_rooms, kennysheep_slug_shrine, serial_shops,
          nicolae_shop_waterfront, uniq_ijyb, uniq_grinder
D:4:      layout_layer_cave, minmay_temple_entry_junction,
          minmay_misc_feat_secret_circle, kennysheep_pointless_box
D:5:      layout_layer_cave, trog_three_pillars_becter, uniq_menkaure,
          uniq_duvessa
D:6:      layout_rooms, nicolae_sif_muna_condensation, serial_shops,
          nicolae_lakefront_shop, nicolae_shop_competitors_out_of_business,
          nicolae_square_shop, shop, shop, chequers_serial_rivers_room_a,
          minmay_holes
D:7:      layout_basic, minmay_misc_feat_rows, skrybe_limestone_x, uniq_harold,
          uniq_pikel
D:8:      layout_rooms, special_room [special_room_orc], uniq_psyche
D:9:      layout_cave_pools, lair_entry_dummy
D:10:     layout_basic, serial_shops, nicolae_shop_waterfront
D:11:     layout_long_grid
D:12:     layout_loops_ring, david_orc_3
D:13:     layout_roguey, erik_vaults_2, serial_shops, nicolae_shop_stone
D:14:     layout_irregular_city, chequers_avenue, uniq_kirke
D:15:     grunt_enter_depths_hoard, layout_cave_pools,
          cheibrodos_ashenzari_chains, special_room [special_room_orc],
          uniq_louise
Temple:   mainiacjoe_temple_bowtie_tessellation
Lair:1:   layout_loops_ring, gammafunk_ghost_grave, st_stairs_5,
          nicolae_quartered_pool_medium, lemuel_fruit_tree, uniq_gastronok,
          uniq_erica, uniq_maggie
Lair:2:   layout_cave_pods, portal_ice_cave_entry_imps, serial_bayou_shore_b
IceCv:    ice_cave_hellmonk_azure_passage

Skill      XL: |  1  2  3  4  5  6  7  8  9 10 11 12 13 |
---------------+----------------------------------------+-----
Transmutations | 1 |  1.0
Fighting       | 1 3 4 5 6 7 9 11 12 13 | 13.6
Earth Magic    | 3 4 5 6 8 9 |  9.0
Armour         | 1 2 3 4 5 6 7 |  7.8
Conjurations   | 2 3 4 5 6 8 9 |  9.9
Spellcasting   | 3 4 5 6 7 8 9 |  9.6
Shields        | 1 4 7 |  7.0
Dodging        | |  1.7
Stealth        | |  1.7

Action                   |  1- 3 |  4- 6 |  7- 9 | 10-12 | 13-15 || total
-------------------------+-------+-------+-------+-------+-------++-------
Melee: Short sword       |    46 |       |       |       |       ||    46
       Unarmed           |     1 |       |       |       |       ||     1
       Dagger            |    52 |    17 |       |       |       ||    69
       Punch             |     1 |       |     1 |     1 |       ||     3
       Rapier            |       |    15 |   194 |   376 |   199 ||   784
       War axe           |       |       |       |     5 |    56 ||    61
 Cast: Sandblast         |    18 |    15 |     6 |    12 |     2 ||    53
       Stone Arrow       |     1 |     3 |    32 |   141 |    51 ||   228
       Passwall          |       |       |     1 |     2 |       ||     3
       Static Discharge  |       |       |       |     2 |     9 ||    11
       Iskenderun's Batt |       |       |       |     4 |     4 ||     8
       Flame Wave        |       |       |       |       |     1 ||     1
Evoke: Wand              |       |       |     7 |     3 |     4 ||    14
  Use: Potion            |     1 |     2 |       |       |     4 ||     7
       Scroll            |       |       |     6 |    17 |     3 ||    26
 Stab: Sleeping          |     7 |     2 |     3 |     5 |       ||    17
       Paralysed         |       |       |     6 |       |       ||     6
       Invisible         |       |       |       |       |     1 ||     1
Armor: Robe              |    24 |       |       |       |       ||    24
       Leather armour    |       |    18 |     6 |       |       ||    24
       Skin              |       |     4 |       |       |       ||     4
       Ring mail         |       |       |    59 |   110 |       ||   169
       Acid dragon scale |       |       |       |   247 |   262 ||   509
Dodge: Dodged            |    57 |    52 |   144 |   265 |   236 ||   754
Block: Kite shield       |       |       |       |   103 |    90 ||   193
       Buckler           |       |       |       |       |    84 ||    84
       Reflection        |       |       |       |       |     2 ||     2
